 Dungeon Crawl Stone Soup version 0.19-a0-1672-g679cadd (webtiles) character file.

122404 Amnesiac the Bludgeoner (level 17, -16/119 HPs)
             Began as a Halfling Berserker on Sept 22, 2016.
             Was the Champion of Trog.
             Killed from afar by a bog body (32 damage)
             ... with a bolt of cold
             ... on level 4 of the Swamp.
             The game lasted 00:51:50 (27871 turns).

Amnesiac the Bludgeoner (Halfling Berserker)       Turns: 27871, Time: 00:51:51

Health: -16/119    AC: 39    Str: 20    XL:     17   Next: 42%
Magic:  17/17      EV: 19    Int:  5    God:    Trog [******]
Gold:   1720       SH:  0    Dex: 19    Spells: 0 memorised, 16 levels left

rFire  . . .     SeeInvis .     T - +10 morningstar "Eos" {elec, Halo rElec}
rCold  . . .     Gourm    .     j - +10 shadow dragon armour
rNeg   . . .     Faith    +     B - +0 shield
rPois  .         Spirit   .     F - +0 helmet
rElec  +         Dismiss  .     H - +0 cloak
rCorr  .         Reflect  .     q - +0 pair of gloves
MR     +....     Harm     .     e - +0 pair of boots
Stlth  +.........               w - amulet of faith
                                R - +4 ring of protection
                                l - +3 ring of protection

@: confused, lethally poisoned (-16 -> -17), glowing
A: mutation resistance 1
a: Berserk, Trog's Hand, Brothers in Arms, Burn Spellbooks, Renounce Religion


You were on level 4 of the Swamp.
You worshipped Trog.
Trog was exalted by your worship.
You were not hungry.

You visited 4 branches of the dungeon, and saw 25 of its levels.

You collected 1750 gold pieces.
You spent 30 gold pieces at shops.

Inventory:

Hand Weapons
 M - a +7 antimagic eveningstar
 P - a +6 demon whip of freezing
 T - the +10 morningstar "Eos" (weapon) {elec, Halo rElec}
   (You found it on level 4 of the Lair of Beasts)

   Occasionally, upon striking a foe, it will discharge some electrical energy
   and cause terrible harm.
   It insulates you from electricity.
 X - the +8 whip "Snakebite" {curare, rPois}
   (You found it on level 1 of the Lair of Beasts)

   It poisons the flesh of those it strikes.
   It protects you from poison.
Missiles
 n - 16 curare-tipped needles
 K - a throwing net (quivered)
Armour
 e - a +0 pair of boots (worn)
 j - a +10 shadow dragon armour (worn)
 q - a +0 pair of gloves (worn)
 t - a swamp dragon hide
 B - a +0 shield (worn)
 F - a +0 helmet (worn)
 H - a +0 cloak (worn)
Jewellery
 a - an uncursed ring of positive energy
 l - a +3 ring of protection (left hand)
 m - an uncursed ring of resist corrosion
 w - an amulet of faith (around neck)
 L - an uncursed ring of protection from magic
 R - a +4 ring of protection (right hand)
 Y - an uncursed ring of flight
Scrolls
 b - 3 scrolls of blinking
 h - 14 scrolls of remove curse
 r - 6 scrolls of fog
 y - 5 scrolls of recharging
 D - 6 scrolls of identify
 G - a scroll of teleportation
 J - 4 scrolls of magic mapping
 S - a scroll of silence
 U - a scroll of fear
Potions
 f - 3 potions of brilliance
 i - a potion of curing
 k - a potion of haste
 o - a potion of cure mutation
 v - 3 potions of ambrosia
 x - 4 potions of berserk rage
 z - 3 potions of invisibility
 A - 2 potions of flight
 C - 2 potions of might
 E - 2 potions of agility
 I - a potion of magic
 Q - 2 potions of cancellation
 V - a potion of resistance
Comestibles
 c - 9 bread rations
 d - 12 meat rations
 g - 14 fruits
 p - 4 beef jerkies
 s - 10 royal jellies
 u - a slice of pizza
 N - 5 chunks of flesh


   Skills:
 + Level 11.7 Fighting
 - Level 16.0 Maces & Flails
 + Level 13.1 Armour
 + Level 13.1 Dodging
 + Level 13.0 Shields


You had 16 spell levels left.
You didn't know any spells.

Dungeon Overview and Level Annotations

Branches:
Dungeon (11/15)            Temple (0/1) D:4            Lair (6/6) D:9
  Swamp (4/4) Lair:4        Snake (0/4) Lair:4        Slime (4/5) Lair:5
    Orc: D:9-12

Altars:
Dithmenos
Fedhas
Okawaru
Trog
Xom
Beogh
Jiyva

Shops:
D:4 (   D:8 !   D:9 %


Innate Abilities, Weirdness & Mutations

You are small and have problems with some larger weapons.
You are somewhat resistant to further mutation.


Message History

You feel sick. The bog body closely misses you.
You block the bog body's attack.
Unknown command.
Your shadow dragon armour prevents you from hitting the swamp drake.
The swamp drake is almost dead.
The swamp drake breathes noxious fumes at you.
The noxious blast misses you. The bog body misses you. x2
Unknown command.
You barely miss the swamp drake.
The swamp drake is almost dead.
You are engulfed in noxious fumes.
You choke on the stench!
You are confused.
* * * LOW HITPOINT WARNING * * *
You feel sick.
The swamp drake breathes noxious fumes at you.
The noxious blast engulfs you! The swamp drake closely misses you.
You bump into the tree.
You are engulfed in noxious fumes.
The bog body points at you and mumbles some strange words.
The bolt of cold hits you!
You die...

.≈# ♣§≈# ..≈# ♣..≈##
♣♣♣.♣D.≈####
♣♣...≈.≈≈#≈.≈.
♣.÷§.≈≈≈D..(.(≈
♣♣k♣♣§....≈..P.
♣♣@♣♣≈..#(.≈..
♣nkn§≈...≈.#.(
♣♣≈§§...#≈....
♣♣♣♣..§.≈'≈..P≈..≈..
♣♣.......≈#≈(≈(.(...
♣..≈≈..≈.≈#....≈≈8..
♣♣..≈.....≈##.#.#≈§.##
♣.≈..≈....##.≈...k(...
♣........†..PP(...D..#


You could see 2 bog bodies and 2 swamp drakes.

Vanquished Creatures
  8 acid blobs
  3 thorn hunters
  3 azure jellies
  2 entropy weavers (Lair:5)
  Josephine (Swamp:1)
  4 great orbs of eyes
  A death ooze (Slime:1)
  Harold (Lair:2)
  15 hydras
  A merfolk avatar (Lair:6)
  11 death yaks
  10 alligators
  A queen ant (Lair:5)
  A glowing orange brain (Slime:3)
  A sea snake (Lair:6)
  2 shambling mangroves
  2 hill giants (D:11)
  7 swamp dragons
  The ghost of crawlian the Arsonist, a novice DEFE of Sif Muna (D:9)
  A necromancer (Lair:3)
  2 hornets (Swamp:1)
  3 shining eyes
  A deep elf mage (D:10)
  A cyclops (D:11)
  An ugly thing (D:11)
  2 manticores (D:11)
  12 elephants
  5 black mambas
  A torpor snail (Lair:6)
  17 spiny frogs
  4 rime drakes
  7 komodo dragons
  The ghost of Amnesiac the Cudgeler, a novice HaGl (D:5)
  2 trolls (D:11)
  4 polar bears (Lair:6)
  2 tyrant leeches
  4 wind drakes (Lair:6)
  5 hippogriffs
  30 blink frogs
  7 bog bodies
  The ghost of zkyp the Cudgeler, an amateur OpGl (D:3)
  38 slime creatures
  Sigmund (D:4)
  5 spriggans
  A shadow (Swamp:1)
  6 wyverns
  5 golden eyes (Slime:1)
  30 yaks
  5 wraiths
  A basilisk (Lair:2)
  12 vampire mosquitoes
  8 swamp worms
  A mottled dragon (D:11)
  4 insubstantial wisps (Swamp:2)
  17 soldier ants (Lair:5)
  2 nagas (Lair:4)
  20 water moccasins
  6 porcupines
  9 swamp drakes
  8 orc warriors
  An ice beast (D:8)
  3 sky beasts
  3 eyes of draining
  15 wasps
  An elephant zombie (Lair:3)
  2 phantoms
  7 ogres
  8 centaurs
  11 wolves
  12 crocodiles
  Blork the orc (D:4)
  12 bullfrogs
  A wyvern skeleton (D:8)
  3 scorpions
  9 wights
  2 howler monkeys (D:7)
  An electric eel (Lair:3)
  4 bullfrog zombies
  A crimson imp (D:5)
  4 hounds
  A quasit (D:5)
  2 centaur zombies
  A centaur skeleton (D:11)
  6 jellies
  9 orc priests
  A bullfrog skeleton (D:7)
  9 iguanas
  13 orc wizards
  20 worker ants
  2 crocodile zombies (Lair:3)
  A hound skeleton (D:8)
  2 worker ant zombies
  15 gnolls
  11 adders
  31 river rats
  3 shadow imps
  8 oozes
  2 adder skeletons
  A dart slug (D:2)
  3 worms
  9 leopard geckos
  64 orcs
  2 ball pythons
  2 giant cockroaches (D:1)
  12 goblins
  8 hobgoblins
  5 jackals
  6 kobolds
  9 quokkas
  20 bats
  2 frilled lizards (D:4)
  A leopard gecko skeleton (D:4)
  A quokka skeleton (D:6)
  24 rats
  3 briar patches (Swamp:2)
  A fungus (D:9)
  3 plants (D:9)
781 creatures vanquished.

Vanquished Creatures (others)
  2 briar patches
  8 fungi
  8 plants
18 creatures vanquished.

Grand Total: 799 creatures vanquished

Notes
Turn   | Place    | Note
-------+----------+-------------------------------------------
     0 | D:1      | Amnesiac the Halfling Berserker began the quest for the Orb.
     0 | D:1      | Reached XP level 1. HP: 15/15 MP: 1/1
   117 | D:1      | Reached XP level 2. HP: 17/20 MP: 2/2
   327 | D:1      | Reached skill level 3 in Maces & Flails
   445 | D:1      | Reached XP level 3. HP: 23/25 MP: 3/3
  1041 | D:2      | Reached XP level 4. HP: 8/31 MP: 4/4
  1105 | D:2      | Reached ** piety under Trog
  1642 | D:2      | Found a faded altar of an unknown god.
  1838 | D:2      | Found an iron altar of Okawaru.
  1891 | D:3      | Noticed zkyp's ghost (amateur OpGl)
  1909 | D:3      | Killed zkyp's ghost
  1909 | D:3      | Reached skill level 4 in Maces & Flails
  1909 | D:3      | Reached XP level 5. HP: 32/36 MP: 5/5
  1909 | D:3      | Reached XP level 6. HP: 37/42 MP: 6/6
  2114 | D:3      | Noticed an ogre
  2135 | D:3      | Killed an ogre
  2653 | D:4      | Found Mioris's Antique Weapon Shop.
  2743 | D:4      | Noticed Sigmund
  2764 | D:4      | Killed Sigmund
  2764 | D:4      | Reached skill level 5 in Maces & Flails
  2764 | D:4      | Reached XP level 7. HP: 48/48 MP: 7/7
  2828 | D:4      | Reached *** piety under Trog
  3102 | D:4      | Found a shadowy altar of Dithmenos.
  3115 | D:4      | Found a staircase to the Ecumenical Temple.
  3290 | D:4      | Noticed Blork the orc
  3309 | D:4      | Killed Blork the orc
  3525 | D:4      | Reached XP level 8. HP: 42/54 MP: 8/8
  3966 | D:5      | Entered Level 5 of the Dungeon
  4368 | D:5      | Noticed Amnesiac's ghost (novice HaGl)
  4382 | D:5      | Killed Amnesiac's ghost
  4382 | D:5      | Reached skill level 5 in Fighting
  4382 | D:5      | Reached skill level 6 in Maces & Flails
  4382 | D:5      | Reached skill level 5 in Armour
  4382 | D:5      | Reached skill level 5 in Dodging
  4471 | D:5      | Reached XP level 9. HP: 38/61 MP: 9/9
  4500 | D:5      | Reached **** piety under Trog
  5071 | D:5      | Found a blossoming altar of Fedhas.
  5122 | D:5      | Gained mutation: You have a somewhat thin skeletal structure. (Dex +2, Stealth) [potion of mutation]
  5122 | D:5      | Gained mutation: Your spells are a little harder to cast, but a little more powerful. [potion of mutation]
  5213 | D:6      | Reached skill level 7 in Maces & Flails
  6632 | D:7      | Reached skill level 8 in Maces & Flails
  6663 | D:7      | Reached XP level 10. HP: 65/68 MP: 10/10
  7358 | D:8      | Found Waxyeb's Distillery.
  7375 | D:8      | Bought a potion of mutation for 30 gold pieces
  8222 | D:9      | Reached skill level 9 in Maces & Flails
  8539 | D:9      | Reached ***** piety under Trog
  8795 | D:9      | Found Vasiq's Food Shop.
  9031 | D:9      | Noticed crawlian's ghost (novice DEFE)
  9040 | D:9      | Killed crawlian's ghost
  9122 | D:9      | Found a bloodstained altar of Trog.
  9169 | D:9      | Found a staircase to the Lair.
  9370 | D:10     | Entered Level 10 of the Dungeon
  9711 | D:10     | Reached XP level 11. HP: 69/75 MP: 11/11
  9751 | D:10     | Noticed a deep elf mage
  9762 | D:10     | Killed a deep elf mage
  9977 | D:11     | Noticed a cyan ugly thing
 10004 | D:11     | Identified a scroll of acquirement
 10225 | D:11     | Reached skill level 10 in Maces & Flails
 10275 | D:11     | Received a gift from Trog
 10387 | D:11     | Noticed a manticore
 10415 | D:11     | Killed a cyan ugly thing
 10447 | D:11     | Noticed a cyclops
 10901 | D:11     | Found a roughly hewn altar of Beogh.
 11220 | D:11     | Noticed a manticore
 11239 | D:11     | Killed a manticore
 11265 | D:11     | Killed a manticore
 11547 | D:11     | Killed a cyclops
 11688 | D:11     | Noticed a hill giant
 11694 | D:11     | Killed a hill giant
 11695 | D:11     | Found a shimmering altar of Xom.
 11834 | D:11     | Noticed a hill giant
 11846 | D:11     | Killed a hill giant
 11949 | D:11     | Reached XP level 12. HP: 82/82 MP: 12/12
 12155 | Lair:1   | Entered Level 1 of the Lair of Beasts
 12299 | Lair:1   | Reached skill level 11 in Maces & Flails
 12908 | Lair:1   | Noticed a six-headed hydra
 12937 | Lair:1   | Killed a six-headed hydra
 13304 | Lair:1   | Noticed a five-headed hydra
 13316 | Lair:1   | Killed a five-headed hydra
 13316 | Lair:1   | Reached skill level 10 in Armour
 13316 | Lair:1   | Reached skill level 10 in Dodging
 13743 | Lair:2   | Received a gift from Trog
 13777 | Lair:2   | Noticed Harold
 13789 | Lair:2   | Killed Harold
 13789 | Lair:2   | Reached skill level 12 in Maces & Flails
 14067 | Lair:2   | Reached XP level 13. HP: 83/90 MP: 13/13
 14904 | Lair:3   | Reached skill level 1 in Shields
 15082 | Lair:3   | Reached skill level 5 in Shields
 15099 | Lair:3   | Noticed an eight-headed hydra
 15113 | Lair:3   | Killed an eight-headed hydra
 15881 | Lair:4   | Found a staircase to the Swamp.
 15966 | Lair:4   | Found a staircase to the Snake Pit.
 16061 | Lair:4   | Got an ancient flail
 16065 | Lair:4   | Identified the +1 flail "Horphar" {holy, *Drain +Fly rN+ Dex+4} (You found it on level 4 of the Lair of Beasts)
 16091 | Lair:4   | Identified the cursed ring of Zoettus {+Fly Dex-5 SInv} (You found it on level 4 of the Lair of Beasts)
 16182 | Lair:4   | Reached skill level 13 in Maces & Flails
 16771 | Lair:4   | Identified Peismon's Handbook of Icy Toxins
 17155 | Lair:5   | Reached XP level 14. HP: 97/97 MP: 14/14
 17315 | Lair:5   | Found a staircase to the Slime Pits.
 17392 | Lair:5   | Reached ****** piety under Trog
 17556 | Lair:5   | Received a gift from Trog
 17576 | Lair:5   | Reached skill level 14 in Maces & Flails
 17754 | Lair:5   | Noticed an entropy weaver
 17930 | Lair:5   | Killed an entropy weaver
 17952 | Lair:5   | Noticed an entropy weaver
 17994 | Lair:5   | Killed an entropy weaver
 18246 | Lair:6   | Entered Level 6 of the Lair of Beasts
 18636 | Lair:6   | Reached skill level 15 in Maces & Flails
 19432 | Lair:6   | Received a gift from Trog
 19559 | Lair:6   | Reached XP level 15. HP: 73/102 MP: 15/15
 19722 | Lair:6   | Reached skill level 16 in Maces & Flails
 20172 | Lair:6   | Reached skill level 10 in Fighting
 20589 | Lair:6   | Got a faintly glowing flail
 20590 | Lair:6   | Identified the +6 flail of the Priest {flame, Fragile rPois rN+} (You found it on level 6 of the Lair of Beasts)
 20743 | Slime:1  | Entered Level 1 of the Pits of Slime
 20746 | Slime:1  | Noticed an azure jelly
 20754 | Slime:1  | Killed an azure jelly
 20843 | Slime:2  | Noticed an acid blob
 21051 | Slime:2  | Gained mutation: Your magical capacity is low. (-10% MP) [a shining eye]
 21057 | Slime:2  | Killed an acid blob
 21200 | Slime:2  | Noticed an acid blob
 21209 | Slime:2  | Killed an acid blob
 21220 | Slime:2  | Noticed an acid blob
 21223 | Slime:1  | Received a gift from Trog
 21418 | Slime:1  | Noticed an acid blob
 21428 | Slime:1  | Killed an acid blob
 21428 | Slime:1  | Reached skill level 10 in Shields
 21677 | Slime:2  | Noticed an azure jelly
 21678 | Slime:2  | Killed an acid blob
 21694 | Slime:2  | Killed an azure jelly
 21985 | Slime:3  | Noticed an acid blob
 21995 | Slime:3  | Killed an acid blob
 22306 | Slime:4  | Noticed an acid blob
 22313 | Slime:4  | Killed an acid blob
 22328 | Slime:4  | Reached XP level 16. HP: 88/109 MP: 14/14
 22350 | Slime:4  | Noticed an acid blob
 22360 | Slime:4  | Paralysed by a great orb of eyes for 4 turns
 22368 | Slime:4  | Paralysed by a great orb of eyes for 6 turns
 22645 | Slime:4  | Found a viscous altar of Jiyva.
 22667 | Slime:4  | Noticed an acid blob
 22776 | Slime:2  | Noticed an acid blob
 22784 | Slime:2  | Killed an acid blob
 23042 | Slime:1  | Noticed an acid blob
 23058 | Slime:2  | Killed an acid blob
 23428 | Slime:1  | Noticed an azure jelly
 23449 | Slime:2  | Killed an azure jelly
 23538 | Slime:1  | You fall through a shaft!
 23674 | Slime:1  | Received a gift from Trog
 24236 | Swamp:1  | Entered Level 1 of the Swamp
 24541 | Swamp:1  | Noticed Josephine
 24550 | Swamp:1  | Killed Josephine
 25269 | Swamp:2  | Noticed a thorn hunter
 25288 | Swamp:2  | Killed a thorn hunter
 25850 | Swamp:2  | Received a gift from Trog
 25889 | Swamp:3  | Reached XP level 17. HP: 101/117 MP: 15/15
 26337 | Swamp:3  | Noticed a thorn hunter
 26347 | Swamp:3  | Killed a thorn hunter
 26848 | Swamp:3  | Lost mutation: Your magical capacity is low. (-10% MP) [potion of cure mutation]
 26848 | Swamp:3  | Lost mutation: You have a somewhat thin skeletal structure. (Dex +2, Stealth) [potion of cure mutation]
 26848 | Swamp:3  | Lost mutation: Your spells are a little harder to cast, but a little more powerful. [potion of cure mutation]
 27420 | Swamp:4  | Entered Level 4 of the Swamp
 27440 | Swamp:4  | Noticed a thorn hunter
 27454 | Swamp:4  | Killed a thorn hunter
 27746 | Swamp:4  | Received a gift from Trog
 27871 | Swamp:4  | Killed from afar by a bog body

Vault maps used:
D:1:      minmay_arrival_nine_rooms
D:2:      ecumenical_altar_2, hangedman_decor_points, minmay_misc_feat_cross,
          kennysheep_okawaru_gauntlet
D:3:      minmay_stone_trees_small, serial_bayou_lake_a
D:4:      old_standard_altar, serial_shops, shop, uniq_blork_the_orc,
          uniq_sigmund
D:5:      marbit_many_paths, first_bread
D:8:      serial_shops, nicolae_shop_statue_plus
D:9:      nicolae_overflow_hidden_temple, grunt_lair_entry_orc_guard_hut,
          serial_shops, shop, hangedman_little_slice_of_home
D:11:     portal_ice_cave_entry_pillars_1, lab_entry_generic, basic_altar
Lair:1:   minmay_guarded_unrand_snakebite, grunt_megastairs_3
Lair:2:   infiniplex_staircase_pool_2, uniq_harold
Lair:3:   pond_and_an_island_with_a_cottage
Lair:4:   swamp_mist, guppyfry_snake_entry_island
Lair:5:   slime_dummy, st_stairs_12, zaba_antful_of_joy
Lair:6:   gammafunk_lair_ancient_temple
Swamp:1:  evilmike_swamp_ruin_rubble_1, uniq_josephine
Swamp:2:  nicolae_swamp_stair_fork, swamp_pool1, infiniplex_staircase_pool
Swamp:3:  serial_swamp_ruin, hangedman_swamp_ruin_wall,
          evilmike_swamp_ruin_house_4, evilmike_swamp_ruin_house_1
Swamp:4:  grunt_swamp_rune_castle
Slime:3:  uniq_dissolution
Slime:4:  basic_altar

Skill      XL: |  1  2  3  4  5  6  7  8  9 10 11 12 13 14 15 16 17 |
---------------+----------------------------------------------------+-----
Maces & Flails | 3 4 5 6 8 9 10 12 13 15 16 | 16.0
Fighting       | 3 4 5 6 7 8 9 10 11 | 11.7
Armour         | 3 4 5 6 7 9 10 11 12 13 | 13.1
Dodging        | 3 4 5 6 7 9 10 11 12 13 | 13.1
Shields        | 6 7 11 12 13 | 13.0

Action                   |  1- 3 |  4- 6 |  7- 9 | 10-12 | 13-15 | 16-18 || total
-------------------------+-------+-------+-------+-------+-------+-------++-------
Melee: Mace              |    77 |   136 |    44 |       |       |       ||   257
       Flail             |       |       |   394 |   111 |       |       ||   505
       Hand axe          |       |       |    65 |       |       |       ||    65
       War axe           |       |       |       |   186 |       |       ||   186
       Demon whip        |       |       |       |   371 |    84 |     7 ||   462
       Lajatang          |       |       |       |    40 |       |       ||    40
       Whip              |       |       |       |    90 |   296 |    29 ||   415
       Morningstar       |       |       |       |       |   558 |   527 ||  1085
       Eveningstar       |       |       |       |       |       |     9 ||     9
Throw: Throwing net      |       |       |       |       |       |     1 ||     1
Invok: Berserk           |     1 |     3 |     3 |     3 |     1 |     1 ||    12
  Use: Scroll            |       |     3 |    11 |    20 |    17 |     6 ||    57
       Potion            |       |       |     3 |     1 |       |    10 ||    14
 Stab: Sleeping          |       |     1 |       |       |       |       ||     1
       Confused          |       |       |       |       |       |     1 ||     1
  Eat: Bread ration      |       |     1 |       |       |     3 |     1 ||     5
       Chunk             |       |     4 |    17 |    27 |    18 |     6 ||    72
       Fruit             |       |       |     2 |       |       |       ||     2
       Meat ration       |       |       |       |       |       |     1 ||     1
Armor: Animal skin       |    17 |     1 |       |       |       |       ||    18
       Leather armour    |       |    12 |       |       |       |       ||    12
       Scale mail        |       |    12 |   164 |   218 |   150 |       ||   544
       Shadow dragon arm |       |       |       |       |    55 |   283 ||   338
Dodge: Dodged            |    70 |    89 |   379 |   540 |   451 |   391 ||  1920
Block: Shield            |       |       |       |       |   312 |   368 ||   680
